AoeStats
← _vishi_

QS Arena

503204657Analyzed
4v4 RM · 1mo ago on Aug 30, 2026· 31m 25s· 8 players
Game mode
Random Map
Map size
Large (8 player)
Population
200
Speed
Normal
Resources
Standard
Victory
Conquest
Starting age
Dark Age
Ending age
Imperial Age
RankedLock teamsTeams togetherTeam positionsShared explorationLock speedFull tech treeHidden civsTurbo modeCheats
Victory
Defeat
1534
+14
🇮🇳 Britons · India
1425
+19
🇭🇰 Khmer · Hong Kong SAR China
1420
+20
🇨🇳 Mongols · China
1410
+20
🇫🇮 Ethiopians · Finland
1524
-19
🇨🇦 Magyars · Canada
1524
-19
🇨🇦 Spanish · Canada
1499
-18
🇺🇸 Koreans · United States
1448
-16
thaebS
7:55 Feudal Age
11:40 Castle Age
9:29 Horse Collar
9:41 Double-Bit Axe
17:46 Loom
19:50 Bow Saw
20:29 Wheelbarrow
25:26 Imperial Age
23:40 Hand Cart
23:10 Town Watch
23:44 Gold Mining
23:45 Stone Mining
24:20 Fletching
24:30 Padded Archer Armor
24:58 Crossbowman
25:43 Thumb Ring
26:02 Bodkin Arrow
26:23 Leather Archer Armor
26:30 Ballistics
26:22 Masonry
26:32 Arbalester
28:00 Gold Shaft Mining
27:05 Onager
30:13 Chemistry
29:15 Bracer
30:39 Two-Man Saw
29:57 Torsion Engines
29:28 Elite Skirmisher
32:03 Ring Archer Armor
Blue Adam
7:58 Feudal Age
11:39 Castle Age
9:25 Double-Bit Axe
10:05 Horse Collar
12:49 Bow Saw
17:25 Wheelbarrow
17:54 Gold Mining
17:57 Stone Mining
19:29 Hand Cart
20:12 Stone Shaft Mining
19:30 Gold Mining
21:54 Fletching
25:02 Imperial Age
22:51 Fortified Wall
22:54 Heavy Plow
23:15 Town Watch
23:15 Loom
24:05 Bodkin Arrow
24:56 Gold Shaft Mining
24:03 Pikeman
25:46 Masonry
26:46 Chemistry
25:48 Bracer
26:16 Forging
26:06 Scale Mail Armor
26:10 Elite Skirmisher
26:44 Halberdier
29:52 Thumb Ring
30:56 Ballistics
Liquid Lead
9:10 Feudal Age
12:38 Castle Age
10:31 Double-Bit Axe
10:53 Stone Mining
11:15 Loom
11:14 Horse Collar
12:33 Town Watch
17:13 Gold Mining
18:09 Padded Archer Armor
22:23 Imperial Age
20:41 Bow Saw
20:29 Fletching
21:44 Bow Saw
23:46 Bodkin Arrow
24:21 Masonry
26:23 Wheelbarrow
26:57 Two-Man Saw
26:46 Heavy Plow
27:33 Fortified Wall
Lil' Luke
8:55 Feudal Age
12:39 Castle Age
11:14 Double-Bit Axe
11:12 Horse Collar
13:49 Bow Saw
15:09 Wheelbarrow
18:34 Gold Mining
19:32 Stone Mining
20:54 Gold Shaft Mining
21:01 Hand Cart
21:01 Heavy Plow
26:11 Imperial Age
23:55 Fletching
24:05 Padded Archer Armor
24:36 Ballistics
23:58 Treadmill Crane
25:24 Bodkin Arrow
25:45 Leather Archer Armor
26:26 Thumb Ring
26:34 Husbandry
26:44 Bloodlines
27:30 Parthian Tactics
27:13 Recurve Bow
27:34 Conscription
27:48 Bracer
28:02 Heavy Cavalry Archer
29:45 Murder Holes
30:54 Chemistry
30:22 Corvinian Army
_vishi_
8:26 Feudal Age
12:21 Castle Age
10:13 Double-Bit Axe
10:31 Horse Collar
13:17 Bow Saw
13:10 Heavy Plow
21:08 Loom
24:36 Imperial Age
22:44 Wheelbarrow
22:52 Stone Mining
22:53 Gold Mining
22:57 Fletching
23:36 Padded Archer Armor
24:08 Hand Cart
23:28 Crossbowman
24:47 Bodkin Arrow
24:41 Arbalester
26:03 Ballistics
26:10 Bracer
29:19 Gold Shaft Mining
30:04 Two-Man Saw
29:40 Leather Archer Armor
30:28 Chemistry
31:26 Yeomen
32:18 Ring Archer Armor
小生怕怕
7:15 Feudal Age
9:20 Double-Bit Axe
11:43 Castle Age
11:08 Horse Collar
13:14 Fletching
13:49 Loom
15:54 Bodkin Arrow
18:03 Ballistics
18:21 Padded Archer Armor
19:28 Gold Mining
22:18 Wheelbarrow
27:02 Imperial Age
26:28 Leather Archer Armor
27:33 Bloodlines
27:24 Husbandry
27:50 Bracer
28:18 Conscription
Nhà vô địt Chow 007
6:47 Feudal Age
7:31 Double-Bit Axe
8:02 Horse Collar
15:52 Castle Age
13:38 Loom
14:17 Gold Mining
15:29 Fletching
16:11 Padded Archer Armor
22:03 Scale Mail Armor
27:48 Wheelbarrow
明月清风
7:31 Feudal Age
10:27 Castle Age
8:30 Double-Bit Axe
8:47 Horse Collar
12:11 Bow Saw
16:58 Wheelbarrow
20:01 Gold Mining
24:50 Imperial Age
22:10 Loom
24:24 Gold Shaft Mining
24:53 Scale Barding Armor
24:59 Forging
24:51 Husbandry
25:02 Bloodlines
25:33 Heavy Plow
25:24 Elite Battle Elephant
26:26 Chain Barding Armor
26:42 Iron Casting
27:12 Conscription
26:53 Tusk Swords
27:17 Stone Mining
28:29 Plate Barding Armor
30:09 Blast Furnace
29:33 Hand Cart
29:57 Stone Shaft Mining
29:43 Light Cavalry
Connection lost

Rejoining the realm…

Still unreachable

The connection could not be restored.

Session expired

The server has moved on; the page needs a fresh start.